 Dungeon Crawl Stone Soup version 0.24-a0-613-g1ff6aac338 (webtiles) character file.

Game seed: 3431965233716668325, levelgen mode: deterministic

98 Jorund the Chopper (level 4, -3/51 HPs)
             Began as a Demonspawn Gladiator on Sept 12, 2019.
             Killed by divine providence
             ... invoked by an orc priest
              (7 damage)
             ... on level 3 of the Dungeon.
             The game lasted 00:03:01 (1658 turns).

Jorund the Chopper (Demonspawn Gladiator)           Turns: 1658, Time: 00:03:01

Health: -3/51      AC: 22    Str: 15    XL:     4   Next: 43%
Magic:  4/4        EV:  2    Int: 15    God:
Gold:   149        SH:  0    Dex: 14    Spells: 3/3 levels left

rFire    + . .     SeeInvis .   a - +0 war axe
rCold    + . .     Gourm    .   (no shield)
rNeg     + + +     Faith    .   (armour currently unavailable)
rPois    +         Spirit   .   (helmet currently unavailable)
rElec    .         Reflect  .   (cloak currently unavailable)
rCorr    .         Harm     .   (gloves currently unavailable)
MR       .....     NoTele   +   (boots currently unavailable)
Stlth    +.........             j - amulet of the acrobat
HPRegen  0.17/turn              h - ring of protection from cold
MPRegen  0.09/turn              k - ring of protection from fire

@: brilliant, tree-form, berserk cooldown, slowed, very slow
A: powered by death 1
a: no special abilities


You were on level 3 of the Dungeon.
You were not hungry.
You were a tree.
You visited 1 branch of the dungeon, and saw 3 of its levels.

You collected 149 gold pieces.

Inventory:

Hand Weapons
 a - a +0 war axe (weapon)
Missiles
 d - 3 throwing nets (quivered)
Armour
 b - a +0 pair of boots (melded)
 c - a +0 helmet (melded)
 i - a +0 cloak (melded)
 q - a cursed +0 ring mail (melded)
 t - a +0 pair of gloves (melded)
Jewellery
 h - a ring of protection from cold (left branch)
 j - an amulet of the acrobat (around neck)
 k - a ring of protection from fire (right branch)
 n - a +6 ring of intelligence
Scrolls
 e - 4 scrolls of identify {unknown}
 l - 3 scrolls of teleportation {unknown}
 p - 2 scrolls of remove curse {unknown}
 r - a scroll of amnesia {unknown}
Potions
 u - a potion of lignification
Comestibles
 f - 4 rations


   Skills:
 + Level 2.6 Fighting
 + Level 4.1 Axes
 + Level 2.1 Throwing
 + Level 1.0 Armour
 - Level 2.6 Dodging


You had 3 spell levels left.
You didn't know any spells.
Your spell library was empty.

Dungeon Overview and Level Annotations

Branches:
Dungeon (3/15)

Altars:
Xom
Yredelemnul


Innate Abilities, Weirdness & Mutations

((You have hoof-like feet.))
You regenerate a little health from kills.


Message History

The orc priest is lightly wounded.
The orc priest hits you but does no damage.
Unknown command.
You slash the orc priest!
The orc priest is almost dead.
The orc priest hits you but does no damage.
You hit the orc priest.
You kill the orc priest!
Your Axes skill increases to level 4!
Your Armour skill increases to level 1!
You cannot move.
An orc priest comes into view. It is wielding a +0 club.
You feel a strong urge to attack something.
You are no longer berserk.
You are exhausted.
You feel yourself slow down.
The orc priest miscasts a cantrip.
It was a potion of magic.
Magic courses through your body.
The orc priest mumbles some strange prayers to Beogh against you.
Beogh smites you!
You die...

## #####. #<#.o
###♣#o# #.))#.#
#.#...#
#.#.#....#
......o.....
............#
#......########
#..#.#.#
...#....


You could see an orc priest.

Vanquished Creatures
  An orc priest (D:3)
  Robin (D:1)
  A dart slug (D:1)
  A leopard gecko (D:1)
  3 orcs (D:3)
  A giant cockroach (D:1)
  12 goblins (D:2)
  10 hobgoblins
  5 jackals
  A kobold (D:2)
  2 bats (D:1)
  6 rats
44 creatures vanquished.

Notes
Turn   | Place    | Note
-------+----------+-------------------------------------------
     0 | D:1      | Jorund the Demonspawn Gladiator began the quest for the
                  | Orb.
     0 | D:1      | Reached XP level 1. HP: 16/16 MP: 1/1
   235 | D:1      | Reached skill level 3 in Axes
   235 | D:1      | Gained mutation: You have large cloven feet. [demonic
                  | ancestry]
   235 | D:1      | Reached XP level 2. HP: 19/22 MP: 2/2
   742 | D:2      | Found a shimmering altar of Xom.
   805 | D:2      | Noticed Robin
   819 | D:2      | Gained mutation: You have hoof-like feet. [demonic
                  | ancestry]
   819 | D:2      | Reached XP level 3. HP: 22/27 MP: 3/3
   857 | D:1      | Killed Robin
  1432 | D:2      | Found a basalt altar of Yredelemnul.
  1651 | D:3      | Gained mutation: You regenerate a little health from kills.
                  | [demonic ancestry]
  1651 | D:3      | Reached XP level 4. HP: 5/34 MP: 4/4
  1654 | D:3      | Reached skill level 4 in Axes
  1654 | D:3      | Reached skill level 1 in Armour
  1658 | D:3      | Killed from afar by an orc priest

Levels and vault maps discovered:
D:1:      lightli_iron_boxes, layout_basic, minmay_cupped
D:2:      layout_rooms, lemuel_crystal_altar, minmay_hexomino_r4, uniq_robin
D:3:      layout_basic

Skill      XL: |  1  2  3  4 |
---------------+-------------+-----
Throwing       | 2 |  2.1
Axes           | 3 4 |  4.1
Armour         | 1 |  1.0
Fighting       | |  2.6
Dodging        | |  2.6

Action                   |  1- 3 |  4- 6 || total
-------------------------+-------+-------++-------
Melee: War axe           |    86 |     3 ||    89
       Kick              |     8 |       ||     8
Throw: Throwing net      |     1 |       ||     1
  Use: Potion            |     4 |     1 ||     5
 Stab: Held in net/web   |     1 |       ||     1
  Eat: Ration            |     1 |       ||     1
Armor: Leather armour    |    30 |       ||    30
       Ring mail         |     6 |       ||     6
       Skin              |     4 |     3 ||     7
Dodge: Dodged            |    85 |       ||    85

Table legend:
 A = Non-vault XP
 B = Vault XP
 C = Vault XP percentage of total XP
 D = Non-vault monster count
 E = Vault monster count
 F = Vault count percentage of total count
                 A         B        C        D         E       F
            +---------+---------+-------+---------+---------+-------
      Total |      95 |      45 |  32.1 |      27 |      17 |  38.6
            +---------+---------+-------+---------+---------+-------
        D:1 |      25 |      19 |  43.2 |      13 |       3 |  18.8
        D:2 |      18 |      26 |  59.1 |      10 |      14 |  58.3
        D:3 |      52 |       0 |   0.0 |       4 |       0 |   0.0
            +---------+---------+-------+---------+---------+-------
